 Dungeon Crawl Stone Soup version 0.30-a0-23-ge60ba3568b (webtiles) character file.

Game seed: 4480428698828105390

4062 uglyjohn the Fanfare of Bloodshed (level 10, -1/77 HPs)
             Began as a Ghoul Monk on Aug 24, 2022.
             Was a Believer of Makhleb.
             Slain by a shadow (9 damage)
             ... on level 9 of the Dungeon.
             The game lasted 00:13:09 (9608 turns).

uglyjohn the Fanfare of Bloodshed (Ghoul Monk)      Turns: 9608, Time: 00:13:10

Health: -1/77      AC:  8    Str: 16    XL:     10   Next: 25%
Magic:  19/19      EV: 12    Int:  7    God:    Makhleb [**....]
Gold:   374        SH:  0    Dex: 13    Spells: 5/9 levels left

rFire   . . .      SeeInvis .      - Unarmed
rCold   + . .      Faith    .    (no shield)
rNeg    + + +      Spirit   .    A - +0 steam dragon scales
rPois   ∞          Reflect  .    (no helmet)
rElec   .          Harm     .    b - +0 cloak
rCorr   +          Rampage  .    (no gloves)
Will    .....                    F - +0 pair of boots
Stlth   ++........               (no amulet)
HPRegen 0.00/turn                j - ring of resist corrosion
MPRegen 0.16/turn                (no ring)

@: inhibited regen
A: claws 1, cold resistance 1, negative energy resistance 3, inhibited
regeneration, torment resistance 2, devour on kill
a: Renounce Religion, Minor Destruction


You were on level 9 of the Dungeon.
You worshipped Makhleb.
Makhleb was pleased with you.
You visited 2 branches of the dungeon, and saw 10 of its levels.

You collected 374 gold pieces.

Inventory:

Armour
 a - a +0 robe
 b - a +0 cloak (worn)
 i - a +0 ring mail
 A - +0 steam dragon scales (worn)
 C - a scarf of resistance
 F - a +0 pair of boots (worn)
Jewellery
 g - an amulet of faith
 j - a ring of resist corrosion (left claw)
 u - a ring of fire
Wands
 w - a wand of roots (1)
Scrolls
 c - 5 scrolls of identify
 d - 5 scrolls of vulnerability {unknown}
 e - a scroll of acquirement {unknown}
 f - 5 scrolls of blinking
 h - a scroll of enchant weapon {unknown}
 n - 2 scrolls of immolation {unknown}
 o - 2 scrolls of magic mapping {unknown}
 p - 4 scrolls of teleportation {unknown}
 s - 4 scrolls of enchant armour {unknown}
 t - 2 scrolls of amnesia {unknown}
 v - 3 scrolls of fear {unknown}
 x - 2 scrolls of butterflies {unknown}
 y - a scroll of summoning {unknown}
 G - 3 scrolls of silence {unknown}
Potions
 k - a potion of attraction {unknown}
 l - a potion of lignification {unknown}
 m - 3 potions of curing {unknown}
 q - a potion of flight {unknown}
 r - 2 potions of resistance
 z - 2 potions of brilliance {unknown}
 B - a potion of magic {unknown}
 D - a potion of ambrosia
 E - a potion of heal wounds
 H - a potion of might {unknown}


   Skills:
 - Level 3.2 Fighting
 - Level 4.0 Armour
 - Level 2.6 Dodging
 - Level 2.1 Stealth
 - Level 6.0 Unarmed Combat
 - Level 3.4 Necromancy
 + Level 13.4 Invocations


You had 5 spell levels left.
You knew the following spells:

 Your Spells              Type           Power      Damage    Failure   Level
a - Necrotise             Necr           16%        1d4       12%         1
b - Vampiric Draining     Necr           4%         2d6       34%         3

Your spell library contained the following spells:

 Spells                   Type           Power      Damage    Failure   Level
 Sandblast                Erth           0%         2d4       43%         1
 Summon Small Mammal      Summ           0%         N/A       43%         1
 Passwall                 Tmut/Erth      0%         N/A       56%         2
 Static Discharge         Conj/Air       0%         3-3/arc   56%         2
 Dispel Undead            Necr           4%         3d7       75%         4
 Call Canine Familiar     Summ           0%         N/A       80%         3
 Confusing Touch          Hex            0%         N/A       80%         3
 Stone Arrow              Conj/Erth      0%         3d7       80%         3
 Summon Guardian Golem    Hex/Summ       0%         N/A       80%         3
 Agony                    Necr           4%         N/A       97%         5
 Sticky Flame             Conj/Fire      0%         2d3       99%         4
 Yara's Violent Unravell  Hex/Tmut       0%         3d3       100%        5
 Enfeeble                 Hex            0%         N/A       100%        7
 Beastly Appendage        Tmut           Unusable   N/A       N/A         1
 Wereblood                Tmut           Unusable   N/A       N/A         2
 Spider Form              Tmut/Pois      Unusable   N/A       N/A         3

Dungeon Overview and Level Annotations

Branches:
Dungeon (9/15)             Temple (1/1) D:5
   Lair: D:8-11         Orc: D:9-12

Altars:
Ashenzari
Cheibriados
Dithmenos
Fedhas
Kikubaaqudgha
Makhleb
Nemelex Xobeh
Okawaru
Qazlal
Ru
Trog
Uskayaw
Vehumet
Wu Jian
Xom
Yredelemnul


Innate Abilities, Weirdness & Mutations

You are immune to poison.
You have sharp fingernails.
Your flesh is cold resistant. (rC+)
You are immune to negative energy. (rN+++)
You do not regenerate when monsters are visible.
You are immune to unholy pain and torment.
You thrive by killing the living.


Message History

The orc warrior is heavily wounded.
The orc warrior hits you with a +0 trident.
The shadow strikes at you from the darkness!
Reactivating autopickup.
You claw the orc warrior!
The orc warrior is almost dead.
The orc warrior barely misses you. The shadow closely misses you.
You barely miss the orc warrior.
The orc warrior is almost dead.
The orc warrior hits you but does no damage.
The orc warrior closely misses you.
You claw the shadow!
The shadow is moderately damaged.
The shadow closely misses you.
The orc warrior hits you from afar with a +0 trident!
You scratch the shadow.
The shadow is heavily damaged.
The shadow barely misses you.
The orc warrior hits you from afar with a +0 trident!
You are too injured to fight recklessly!
You are too injured to fight recklessly!
The shadow attacks as you move away! The shadow barely misses you.
The shadow attacks as you move away! The shadow hits you.
The shadow slips into darkness.
The shadow flickers and vanishes!
Deactivating autopickup; reactivate with Ctrl-A.
Found a dagger.
The shadow strikes at you from the darkness!
Reactivating autopickup.
The shadow attacks as you move away! The shadow closely misses you.
The shadow attacks as you move away! The shadow hits you!
* * * LOW HITPOINT WARNING * * *
The shadow slips into darkness.
The shadow flickers and vanishes!
Deactivating autopickup; reactivate with Ctrl-A.
The shadow strikes at you from the darkness!
* * * LOW HITPOINT WARNING * * *
Reactivating autopickup.
The shadow attacks as you move away! The shadow hits you!
You die...

>.#...<...## ....)......##..#.#
.........# #..#.# ........#
#..#.# .... ..# #..#.# #.. #.#
#..#.# #.##.# #..#.####
#....####..#....##
###o.o..W@.>......#
..######...#.####..##.##.##
#.....##.###..# #.....<#..#####
#####..o.###..####.#...##..##.#
#.o....##...###.#...###....#
#.####.##.#.......### ###.##
##.# #......###.#..# #.# ##..#
###...........### ### #o.##
#............)#


You could see an orc warrior, a shadow and an orc.

Vanquished Creatures
  A two-headed ogre (D:7)
  Maggie (D:7)
  The ghost of ytrimaz the Insei, an amateur DsMo (D:4)
  Prince Ribbit (D:6)
  2 steam dragons
  5 yaks
  A water moccasin (D:8)
  A black bear (D:8)
  3 ice beasts
  An orc warrior (D:7)
  2 ogres
  A phantom (D:6)
  A kobold brigand (D:7)
  2 bullfrogs
  3 necrophages
  A scorpion (D:6)
  A wight (D:7)
  5 howler monkeys
  2 hounds
  An orc priest (D:4)
  2 iguanas (D:4)
  An orc wizard (D:7)
  4 adders
  A white imp (D:7)
  2 worms (D:2)
  5 dart slugs
  25 orcs
  8 bats
  2 endoplasms
  10 goblins
  6 hobgoblins
  3 quokkas
  3 ball pythons
  4 frilled lizards
  9 kobolds
  6 rats
127 creatures vanquished.

Vanquished Creatures (others)
  2 withered plants (D:2)
2 creatures vanquished.

Grand Total: 129 creatures vanquished

Notes
Turn   | Place    | Note
-------+----------+-------------------------------------------
     0 | D:1      | uglyjohn the Ghoul Monk began the quest for the Orb.
     0 | D:1      | Reached XP level 1. HP: 19/19 MP: 0/0
   255 | D:1      | Reached XP level 2. HP: 23/26 MP: 1/1
   320 | D:1      | Reached skill level 1 in Armour
  1088 | D:2      | Reached XP level 3. HP: 31/31 MP: 2/2
  1398 | D:2      | Found a faded altar of an unknown god.
  1718 | D:2      | Reached XP level 4. HP: 21/38 MP: 3/3
  2396 | D:3      | Learned a level 1 spell: Necrotise
  3540 | D:4      | Reached skill level 1 in Necromancy
  3540 | D:4      | Reached XP level 5. HP: 45/45 MP: 4/4
  3761 | D:4      | Found a runed translucent gate.
  3761 | D:4      | Found a runed translucent gate.
  3761 | D:4      | Found a runed translucent gate.
  3762 | D:4      | Noticed ytrimaz's ghost (amateur DsMo)
  3763 | D:4      | Identified the +8 short sword of Karma {vorpal, Will+ rCorr
                  | Int+3 Stlth-}
  4284 | D:4      | Killed ytrimaz's ghost
  4285 | D:4      | Reached skill level 5 in Unarmed Combat
  4285 | D:4      | Reached XP level 6. HP: 33/51 MP: 5/5
  4296 | D:4      | Learned a level 3 spell: Vampiric Draining
  4504 | D:5      | Entered Level 5 of the Dungeon
  4531 | D:5      | Reached XP level 7. HP: 33/57 MP: 6/6
  4813 | D:5      | Found a staircase to the Ecumenical Temple.
  4836 | Temple   | Entered the Ecumenical Temple
  4873 | Temple   | Became a worshipper of Makhleb the Destroyer
  4873 | Temple   | Reached * piety under Makhleb
  4873 | Temple   | Reached ** piety under Makhleb
  4937 | D:5      | Reached skill level 2 in Invocations
  5158 | D:5      | Found a snail-covered altar of Cheibriados.
  5530 | D:6      | Noticed Prince Ribbit
  5544 | D:6      | Killed Prince Ribbit
  5545 | D:6      | Reached skill level 4 in Invocations
  6001 | D:6      | Reached skill level 5 in Invocations
  6001 | D:6      | Reached XP level 8. HP: 61/63 MP: 10/10
  6144 | D:6      | Found an ancient bone altar of Kikubaaqudgha.
  6240 | D:6      | Reached skill level 6 in Invocations
  6650 | D:7      | Reached skill level 7 in Invocations
  6775 | D:7      | Noticed Maggie
  6790 | D:7      | Killed Maggie
  6791 | D:7      | Reached skill level 8 in Invocations
  7078 | D:7      | Reached skill level 9 in Invocations
  7078 | D:7      | Reached XP level 9. HP: 69/70 MP: 14/14
  7206 | D:7      | Found a broken altar of Ashenzari.
  7207 | D:7      | Found a shadowy altar of Dithmenos.
  7207 | D:7      | Found an iron altar of Okawaru.
  7213 | D:7      | Found a sparkling altar of Nemelex Xobeh.
  7487 | D:7      | Reached skill level 10 in Invocations
  7711 | D:7      | Noticed a two-headed ogre
  7718 | D:7      | Killed a two-headed ogre
  7719 | D:7      | Reached skill level 11 in Invocations
  8078 | D:8      | Reached skill level 12 in Invocations
  8084 | D:8      | Reached XP level 10. HP: 31/77 MP: 16/18
  8314 | D:8      | Reached skill level 13 in Invocations
  9608 | D:9      | Slain by a shadow

Illustrated notes

Levels and vault maps discovered:
D:1:      lightli_arrival_noodles, layout_loops_ring, minmay_strange_pillars
D:2:      layout_basic, ebering_ecumenical_altar_petrified, minivault_11,
          skrybe_limestone_x, minmay_misc_feat_tiny, minivault_23, minivault_24
D:3:      layout_loops_ring
D:4:      minmay_skewed_foursquare, layout_loops_ring,
          biasface_ghost_orc_armoury
D:5:      layout_rooms, mainiacjoe_overflow_cross_hatched,
          minmay_temple_entry_grid, serial_rivers,
          chequers_serial_rivers_micro_a, chequers_serial_rivers_micro_d,
          chequers_serial_rivers_micro_c, chequers_serial_rivers_marsh,
          chequers_serial_rivers_room_b
D:6:      layout_loops_ring, lemuel_tele_altar, uniq_prince_ribbit1
D:7:      minmay_angry_zag, layout_loops_ring,
          chequers_temple_overflow_statue_of_worship, uniq_maggie
D:8:      lemuel_ice_spiral_2, layout_basic
D:9:      layout_rooms, nzn_hepliaklqana_mist_gate, grunt_gozag_statues,
          erik_orc_1, chequers_arboretum, serial_park_tiny_pond, uniq_maurice
Temple:   nicolae_temple_ecumenical_triangle

Skill      XL: |  1  2  3  4  5  6  7  8  9 10 |
---------------+-------------------------------+-----
Armour         | 1 2 3 4 |  4.0
Unarmed Combat | 4 5 6 |  6.0
Necromancy     | 1 2 3 |  3.4
Invocations    | 5 9 12 13 | 13.4
Fighting       | |  3.2
Dodging        | |  2.6
Stealth        | |  2.1

Action                   |  1- 3 |  4- 6 |  7- 9 | 10-12 || total
-------------------------+-------+-------+-------+-------++-------
Melee: Unarmed           |   136 |   149 |    24 |    20 ||   329
       Punch             |     2 |     6 |     2 |     2 ||    12
Invok: Minor Destruction |       |       |   145 |    22 ||   167
Evoke: Wand              |       |       |     2 |     1 ||     3
  Use: Scroll            |     1 |     1 |     3 |       ||     5
       Potion            |       |     3 |     1 |     1 ||     5
 Stab: Sleeping          |     3 |     2 |       |       ||     5
Armor: Robe              |     5 |       |       |       ||     5
       Ring mail         |    23 |    23 |    13 |       ||    59
       Steam dragon scal |       |       |     5 |     7 ||    12
Dodge: Dodged            |    55 |    55 |    43 |    18 ||   171

Table legend: (Time is in decaauts)
 A = Elapsed time spent in this place.
 B = Non-inter-level travel time spent in this place.
 C = Inter-level travel time spent in this place.
 D = Time resting spent in this place.
 E = Time spent auto-exploring this place.
 F = Levels seen in this place.
 G = Mean time per level.
                   A        B        C        D        E       F      G
               +--------+--------+--------+--------+--------+-----+--------+
         Total |   9548 |   9202 |    346 |   2203 |   5796 |  10 |  954.8 |
       Dungeon |   9492 |   9154 |    338 |   2203 |   5785 |   9 | 1054.7 |
        Temple |     56 |     48 |      8 |      0 |     11 |   1 |   56.0 |
               +--------+--------+--------+--------+--------+-----+--------+

Top non-repeatable levels by time:
     D:8: 1540 daAuts
     D:7: 1292 daAuts
     D:3: 1223 daAuts
     D:4: 1212 daAuts
     D:6: 1113 daAuts
     D:2: 1055 daAuts
     D:1: 971 daAuts
     D:5: 953 daAuts
     D:9: 130 daAuts
  Temple: 56 daAuts
